 Dungeon Crawl Stone Soup version 0.24-a0-439-g6dd8730de2 (webtiles) character file.

Game seed: 12065300349476431061

1533 forest the Covert (level 8, -1/39 HPs)
             Began as a Spriggan Assassin on June 17, 2019.
             Was an Initiate of Dithmenos.
             Killed from afar by an orc wizard (7 damage)
             ... with a puff of flame
             ... on level 6 of the Dungeon.
             The game lasted 00:14:54 (5976 turns).

forest the Covert (Spriggan Assassin)               Turns: 5976, Time: 00:14:54

Health: -1/39      AC:  4    Str:  8    XL:     8   Next: 55%
Magic:  10/10      EV: 22    Int: 12    God:    Dithmenos [......]
Gold:   162        SH:  0    Dex: 19    Spells: 7/7 levels left

rFire    . . .     SeeInvis +   i - +1 dagger (elec)
rCold    . . .     Gourm    .   (shield restricted)
rNeg     . . .     Faith    .   b - +1 robe
rPois    .         Spirit   .   (helmet restricted)
rElec    .         Reflect  .   c - +0 cloak
rCorr    .         Harm     .   (gloves unavailable)
MR       +....                  (boots unavailable)
Stlth    +++++.....             (no amulet)
HPRegen  0.13/turn              (no ring)
MPRegen  0.12/turn              (no ring)

@: lethally poisoned (-1 -> -8), very quick
A: very small, unfitting armour, see invisible, herbivore, speed 3, slow
metabolism 2
a: Renounce Religion


You were on level 6 of the Dungeon.
You worshipped Dithmenos.
Dithmenos was noncommittal.
You were not hungry.

You visited 2 branches of the dungeon, and saw 7 of its levels.

You collected 162 gold pieces.

Inventory:

Hand Weapons
 i - a +1 dagger of electrocution (weapon)
 l - a +0 hunting sling of flaming
 o - a +0 short sword of draining
Missiles
 d - 34 poisoned darts (quivered)
 e - 10 curare-tipped darts
 g - 120 stones
 h - 39 sling bullets
Armour
 b - a +1 robe (worn)
 c - a +0 cloak (worn)
Wands
 r - a wand of scattershot (3)
 v - a wand of flame (11)
 w - a wand of disintegration (9)
 x - a wand of iceblast (5)
Scrolls
 j - 6 scrolls of teleportation
 k - 2 scrolls of fear
 n - 2 scrolls of remove curse
Potions
 a - a potion of degeneration {unknown}
 m - a potion of cancellation
 p - a potion of agility
 q - a potion of might
 s - 3 potions of curing {unknown}
 t - a potion of heal wounds
 u - a potion of experience {unknown}
 z - a potion of magic {unknown}
 A - a potion of ambrosia {unknown}
 B - a potion of invisibility
Comestibles
 f - 11 rations


   Skills:
 + Level 2.9 Fighting
 + Level 6.1 Short Blades
 + Level 1.5(3.8) Slings
 + Level 4.5(4.6) Throwing
 + Level 6.2 Dodging
 + Level 11.0 Stealth
 + Level 1.8 Evocations


You had 7 spell levels left.
You didn't know any spells.
Your spell library contained the following spells:

 Spells                   Type           Power        Failure   Level  Hunger
 Magic Dart               Conj           #...         32%         1    ##.....
 Searing Ray              Conj           #.....       45%         2    ###....
 Dazzling Spray           Conj/Hex       #.....       69%         3    ####...
 Force Lance              Conj/Tloc      #.......     97%         4    #####..
 Fulminant Prism          Conj/Hex       #.........   97%         4    #####..
 Iskenderun's Mystic Bla  Conj           #.......     97%         4    #####..


Dungeon Overview and Level Annotations

Branches:
Dungeon (6/15)             Temple (1/1) D:5

Altars:
Ashenzari
Cheibriados
Dithmenos
Elyvilon
Fedhas
Gozag
Hepliaklqana
Kikubaaqudgha
Makhleb
Nemelex Xobeh
Qazlal
Ru
Sif Muna
Trog
Uskayaw
Vehumet
Wu Jian
Xom
Yredelemnul
The Shining One


Innate Abilities, Weirdness & Mutations

You are very small and have problems with some larger weapons.
You are too small for most types of armour.
You have supernaturally acute eyesight. (SInv)
You are a herbivore.
You cover ground extremely quickly.
You need to consume almost no food.


Message History

The orc wizard begins to cast a cantrip, but forgets the words!
* * * LOW HITPOINT WARNING * * *
You feel sick.
The orc throws a boomerang.
The boomerang barely misses you.
The weapon returns to the orc!
The orc wizard looks braver for a moment.
There is an open door here.
There's nothing to close nearby.
* * * LOW HITPOINT WARNING * * *
You feel sick.
The orc throws a boomerang.
The boomerang completely misses you.
The weapon returns to the orc!
You close the door.
* * * LOW HITPOINT WARNING * * *
You feel sick.
* * * LOW HITPOINT WARNING * * *
You feel sick.
An orc wizard opens the door.
* * * LOW HITPOINT WARNING * * *
You feel sick.
The orc wizard gestures at you while chanting.
The puff of flame hits you!
You die...

######.....#
#.#
...$.......#
#.#
#######'####
#.# #o# #.#
#.# #.# #.#
#.# #.# #.#
#.# #.#
#@#######.#
#.........#
###########


You could see an orc wizard.

Vanquished Creatures
  Sigmund (D:5)
  Edmund (D:5)
  A phantom (D:5)
  2 ogres (D:6)
  A centaur (D:6)
  A scorpion (D:4)
  4 killer bees (D:6)
  A howler monkey (D:5)
  A crimson imp (D:5)
  A bullfrog zombie (D:6)
  5 hounds
  2 orc priests
  An orc wizard (D:5)
  A centaur skeleton (D:4)
  2 iguanas
  4 worker ants
  A worker ant zombie (D:5)
  7 adders
  3 oozes
  An adder zombie (D:6)
  An adder skeleton (D:5)
  2 worms
  2 leopard geckos
  4 orcs
  7 bats (D:1)
  4 giant cockroaches
  6 goblins
  4 hobgoblins (D:1)
  8 jackals (D:2)
  8 kobolds
  A quokka (D:2)
  A ball python (D:3)
  7 frilled lizards
  A jackal skeleton (D:6)
  A leopard gecko skeleton (D:4)
  A quokka skeleton (D:4)
  4 rats
103 creatures vanquished.

Notes
Turn   | Place    | Note
-------+----------+-------------------------------------------
     0 | D:1      | forest the Spriggan Assassin began the quest for the Orb.
     0 | D:1      | Reached XP level 1. HP: 10/10 MP: 2/2
    29 | D:1      | Reached skill level 6 in Stealth
   125 | D:1      | Reached XP level 2. HP: 13/15 MP: 3/3
   520 | D:1      | Reached XP level 3. HP: 16/18 MP: 4/4
   651 | D:2      | Reached skill level 7 in Stealth
   792 | D:2      | Found a faded altar of an unknown god.
   923 | D:2      | Reached XP level 4. HP: 19/23 MP: 5/5
  1919 | D:3      | Found a stormy altar of Qazlal.
  2384 | D:4      | Reached XP level 5. HP: 26/26 MP: 6/6
  2403 | D:4      | Reached skill level 8 in Stealth
  2726 | D:4      | Found a sacrificial altar of Ru.
  2742 | D:4      | Reached XP level 6. HP: 29/30 MP: 7/7
  3046 | D:5      | Entered Level 5 of the Dungeon
  3120 | D:5      | Found a sparkling altar of Nemelex Xobeh.
  3177 | D:5      | Reached skill level 9 in Stealth
  3182 | D:5      | Noticed Edmund
  3216 | D:5      | Noticed Sigmund
  3223 | D:5      | Killed Sigmund
  3223 | D:5      | Reached skill level 5 in Short Blades
  3223 | D:5      | Reached XP level 7. HP: 35/35 MP: 8/8
  3252 | D:5      | Killed Edmund
  3252 | D:5      | Reached skill level 10 in Stealth
  3503 | D:5      | Reached skill level 5 in Dodging
  4095 | D:5      | Found a staircase to the Ecumenical Temple.
  4104 | Temple   | Entered the Ecumenical Temple
  4135 | Temple   | Became a worshipper of Dithmenos the Shadowed
  4505 | D:6      | Reached XP level 8. HP: 39/39 MP: 9/9
  4807 | D:6      | Found a burning altar of Makhleb.
  5127 | D:6      | Reached skill level 1 in Slings
  5135 | D:6      | Reached skill level 1 in Evocations
  5845 | D:6      | Reached skill level 11 in Stealth
  5976 | D:6      | Killed from afar by an orc wizard

Levels and vault maps discovered:
D:1:      zelgadis_glass_arrival_small, layout_basic
D:2:      layout_basic, chequers_ecumenical_altar_island
D:3:      layout_basic, first_ration, nicolae_qazlal_eye_of_the_storm
D:4:      layout_loops_cross, nicolae_ru_awakened_eye
D:5:      layout_rooms, minmay_temple_entry_large_hall, nemelex_altar_shiori,
          uniq_sigmund, uniq_edmund
D:6:      layout_basic, marbit_many_paths, due_unseen_surprise
Temple:   hc_temple_tempest_star

Skill      XL: |  1  2  3  4  5  6  7  8 |
---------------+-------------------------+-----
Stealth        | 6 7 8 9 10 11 | 11.0
Dodging        | 2 3 4 5 6 |  6.2
Short Blades   | 3 4 5 6 |  6.1
Fighting       | 2 |  2.9
Throwing       | 3 4 |  4.5
Slings         | 1 |  1.5
Evocations     | 1 |  1.8

Action                   |  1- 3 |  4- 6 |  7- 9 || total
-------------------------+-------+-------+-------++-------
Melee: Dagger            |    99 |   130 |   108 ||   337
 Fire: Hunting sling     |       |       |     6 ||     6
Throw: Dart              |     8 |    14 |    28 ||    50
Evoke: Wand              |       |       |    16 ||    16
  Use: Scroll            |     2 |     9 |     4 ||    15
       Potion            |       |       |     2 ||     2
 Stab: Sleeping          |     7 |    12 |     5 ||    24
       Distracted        |     1 |     1 |     1 ||     3
  Eat: Ration            |       |       |     2 ||     2
Armor: Robe              |    22 |     9 |    10 ||    41
Dodge: Dodged            |   107 |    87 |   113 ||   307

Table legend:
 A = Non-vault XP
 B = Vault XP
 C = Vault XP percentage of total XP
 D = Non-vault monster count
 E = Vault monster count
 F = Vault count percentage of total count
                 A         B        C        D         E       F
            +---------+---------+-------+---------+---------+-------
      Total |    1789 |     402 |  18.3 |     101 |       2 |   1.9
            +---------+---------+-------+---------+---------+-------
        D:1 |      42 |       0 |   0.0 |      23 |       0 |   0.0
        D:2 |      85 |       0 |   0.0 |      25 |       0 |   0.0
        D:3 |      13 |       0 |   0.0 |       7 |       0 |   0.0
        D:4 |     313 |       0 |   0.0 |      12 |       0 |   0.0
        D:5 |     487 |     402 |  45.2 |      17 |       2 |  10.5
        D:6 |     849 |       0 |   0.0 |      17 |       0 |   0.0
            +---------+---------+-------+---------+---------+-------
